 Dungeon Crawl Stone Soup version 0.22-a0-601-gb0ed703 (webtiles) character file.

54 sking99 the Insei (level 3, -4/24 HPs)
             Began as an Octopode Transmuter on July 6, 2018.
             Slain by a worm (9 damage)
             ... on level 2 of the Dungeon.
             The game lasted 00:03:02 (1395 turns).

sking99 the Insei (Octopode Transmuter)             Turns: 1395, Time: 00:03:03

Health: -4/24      AC:  1    Str:  9    XL:     3   Next: 91%
Magic:  5/6        EV: 13    Int: 15    God:
Gold:   136        SH:  0    Dex: 13    Spells: 0/6 levels left

rFire    . . .     SeeInvis .     - Unarmed
rCold    . . .     Gourm    .   (no shield)
rNeg     . . .     Faith    .   (helmet restricted)
rPois    .         Spirit   .   (no amulet)
rElec    .         Reflect  .   (no ring)
rCorr    .         Harm     .   (no ring)
MR       .....                  (no ring)
Stlth    ++........             (no ring)
HPRegen  0.08/turn              (no ring)
MPRegen  0.10/turn              (no ring)
                                (no ring)
                                (no ring)

@: appendage
A: almost no armour, stealthy swim, amphibious, 8 rings, constrict 8, tentacle
spike 3, camouflage 1, gelatinous body 1
a: End Transformation


You were on level 2 of the Dungeon.
You were hungry.
One of your tentacles had a temporary spike.
You visited 1 branch of the dungeon, and saw 2 of its levels.

You collected 136 gold pieces.

Inventory:

Missiles
 a - 82 arrows
Jewellery
 h - an uncursed amulet of the acrobat {unknown}
Scrolls
 f - 2 scrolls of immolation {unknown}
 i - a scroll of teleportation {unknown}
 j - a scroll of fear {unknown}
Potions
 d - 3 potions of curing {unknown}
 e - a potion of lignification {unknown}
 g - a potion of invisibility {unknown}
 k - a potion of agility {unknown}
Comestibles
 c - 5 rations


   Skills:
 - Level 1.7 Fighting
 - Level 2.0 Dodging
 * Level 4.0 Unarmed Combat
 + Level 2.1 Spellcasting
 + Level 2.1 Transmutations
 + Level 0.8 Poison Magic


You couldn't memorise any spells.
You knew the following spells:

 Your Spells              Type           Power        Failure   Level  Hunger
a - Beastly Appendage     Tmut           #.....       9%          1    #......
b - Sticks to Snakes      Tmut           #.......     14%         2    ###....
c - Spider Form           Tmut/Pois      #.........   34%         3    ###....

Your spell library contained the following spells:

 Spells                   Type           Power        Failure   Level  Hunger
 Blade Hands              Tmut           #.........   94%         5    ######.
 Ice Form                 Ice/Tmut       #.......     80%         4    #####..


Dungeon Overview and Level Annotations

Branches:
Dungeon (2/15)

Altars:


Innate Abilities, Weirdness & Mutations

You cannot wear most types of armour.
You are very stealthy in the water. (Stealth+)
You are amphibious.
You can wear up to eight rings at the same time.
You can use your tentacles to constrict eight enemies at once.
Your skin changes colour to match your surroundings (Stealth+).
Your rubbery body absorbs attacks. (AC +1, EV +1)
One of your tentacles bears a large vicious spike.


Message History

The bat completely misses you. The bat hits you.
* * * LOW HITPOINT WARNING * * *
You barely miss the bat. Your grab misses the bat. The bat closely misses you.
You tentacle-slap the rat.
You kill the rat!
The bat barely misses you. The bat closely misses you.
The bat hits you but does no damage.
You miss the bat. Your grab misses the bat.
You kill the bat!
Casting: Beastly Appendage (safe; 9% risk of failure)
Confirm with . or Enter, or press ? or * to list all spells.
One of your tentacles grows a vicious spike.
The worm barely misses you.
You barely miss the worm. You grab the worm. You squeeze the worm.
The worm is lightly wounded.
You constrict the worm. You tentacle-slap the worm.
You pierce the worm.
The worm is heavily wounded.
You constrict the worm. The worm bites you!
You die...

####.# #.........# #.#
#.....)...# #.#
###........# #.#
#.........## #.#
#.######### #.# #.# #.#
#.# . #.#
################## ######
...#.###..†.††.w@........
#.....
........#...#.†.#$..#...#
######
.###.....................
#....###...#...#...#...#
#.#..##.................
..$#..###################
.# #..# . w.## ##.


You could see a worm.

Vanquished Creatures
  2 oozes
  A worm (D:2)
  A dart slug (D:1)
  A leopard gecko (D:1)
  5 goblins
  7 hobgoblins (D:1)
  3 jackals (D:1)
  3 kobolds
  A ball python (D:1)
  6 bats
  3 frilled lizards
  2 rats
35 creatures vanquished.

Notes
Turn   | Place    | Note
-------+----------+-------------------------------------------
     0 | D:1      | sking99 the Octopode Transmuter began the quest for the Orb.
     0 | D:1      | Reached XP level 1. HP: 13/13 MP: 3/3
   186 | D:1      | Reached XP level 2. HP: 18/18 MP: 3/5
   192 | D:1      | You fall through a shaft!
   509 | D:1      | Reached XP level 3. HP: 18/24 MP: 4/6
   535 | D:1      | Learned a level 2 spell: Sticks to Snakes
   539 | D:1      | Learned a level 3 spell: Spider Form
  1364 | D:2      | Reached skill level 4 in Unarmed Combat
  1395 | D:2      | Slain by a worm

Vault maps used:
D:1:      minmay_arrival_loop
D:2:      lemuel_coloured_pillars_altar, first_ration, minmay_misc_feat_roman

Skill      XL: |  1  2  3 |
---------------+----------+-----
Unarmed Combat | 4 |  4.0
Fighting       | |  1.7
Dodging        | |  2.0
Spellcasting   | |  2.1
Transmutations | |  2.1
Poison Magic   | |  0.8

Action                   || total
-------------------------++-------
Melee: Unarmed           ||    86
       Constrict         ||    23
       Kick              ||    13
       Tentacles         ||    11
 Cast: Beastly Appendage ||    19
 Stab: Sleeping          ||     2
  Eat: Chunk             ||     1
Armor: Skin              ||    12
Dodge: Dodged            ||    69

Table legend:
 A = Spawn XP
 B = Non-spawn XP
 C = Spawn XP percentage of total XP
 D = Spawn monster count
 E = Non-spawn monster count
 F = Spawn count percentage of total count
 G = Total turns spent on level
                    A         B        C        D         E        F      G
               +---------+---------+-------+---------+---------+-------+---------
         Total |       0 |      78 |   0.0 |       0 |      35 |   0.0 |  1395
               +---------+---------+-------+---------+---------+-------+---------
           D:1 |       0 |      45 |   0.0 |       0 |      21 |   0.0 |   905
           D:2 |       0 |      33 |   0.0 |       0 |      14 |   0.0 |   490
               +---------+---------+-------+---------+---------+-------+---------
